 Dungeon Crawl Stone Soup version 0.21-a0-476-gd103f4b (console) character file.

54 hexaflexagon the Skirmisher (level 4, -3/39 HPs)
             Began as a Formicid Monk on Nov 22, 2017.
             Slain by a wyvern zombie (4 damage)
             ... on level 8 of the Dungeon.
             The game lasted 00:04:39 (2018 turns).

hexaflexagon the Skirmisher (Formicid Monk)         Turns: 2018, Time: 00:04:40

Health: -3/39      AC:  3    Str: 19 (21) XL:     4   Next: 12%
Magic:  4/4        EV: 12    Int: 13 (15) God:
Gold:   91         SH:  0    Dex: 12 (13) Spells: 3/3 levels left

rFire    . . .     SeeInvis +   a - +0 mace
rCold    . . .     Gourm    .   (no shield)
rNeg     . . .     Faith    .   f - +0 leather armour
rPois    .         Spirit   .   (helmet unavailable)
rElec    .         Reflect  .   (no cloak)
rCorr    .         Harm     .   (no gloves)
MR       .....                  (no boots)
Stlth    ++........             (no amulet)
HPRegen  0.13/turn              (no ring)
MPRegen  0.09/turn              (no ring)

@: mighty, brilliant
A: permanent stasis, dig shafts and tunnels, four strong arms, antennae 3,
mutation resistance 1
a: Dig, Shaft Self


You were on level 8 of the Dungeon.
You were hungry.

You visited 1 branch of the dungeon, and saw 5 of its levels.

You collected 91 gold pieces.

Inventory:

Hand Weapons
 a - a +0 mace (weapon)
Missiles
 r - 10 curare-tipped needles
Armour
 f - a +0 leather armour (worn)
Scrolls
 d - a scroll of random uselessness {unknown}
 j - a scroll of remove curse {unknown}
 n - 2 scrolls of identify {unknown}
 o - 2 scrolls of blinking {unknown}
 p - 2 scrolls of amnesia {unknown}
 q - a scroll of teleportation {unknown}
Comestibles
 c - 3 bread rations
 i - 2 royal jellies
 k - 2 meat rations


   Skills:
 + Level 5.2 Fighting
 - Level 3.0 Maces & Flails
 - Level 2.6 Dodging
 - Level 2.4 Stealth


You had 3 spell levels left.
You didn't know any spells.

Dungeon Overview and Level Annotations

Branches:
Dungeon (2/15)

Altars:

Annotations:
D:2 Natasha


Innate Abilities, Weirdness & Mutations

You cannot be hasted, slowed, berserked, paralysed or teleported.
You can dig through walls and to a lower floor.
Your four strong arms can wield two-handed weapons with a shield.
You have a pair of large antennae on your head. (SInv)
You are somewhat resistant to further mutation.


Message History

The wyvern zombie bites you!
* * * LOW HITPOINT WARNING * * *
You feel better. The wyvern zombie bites you!
* * * LOW HITPOINT WARNING * * *
The wyvern zombie bites you.
* * * LOW HITPOINT WARNING * * *
You feel better. The wyvern zombie misses you.
It was a potion of brilliance.
You feel clever all of a sudden. The wyvern zombie closely misses you.
It was a potion of might.
You feel very mighty all of a sudden. The wyvern zombie misses you.
The wyvern zombie bites you.
* * * LOW HITPOINT WARNING * * *
You barely miss the wyvern zombie. The wyvern zombie bites you!
* * * LOW HITPOINT WARNING * * *
You thump the wyvern zombie!
The wyvern zombie is moderately damaged.
The wyvern zombie bites you.
You die...

....
#.#
##.
#.#
#.
#.##
#..#
##.#
#.#
#.#
#Z#
{#@#
#.#
#.#
..#
#.#
#.#
#.#
#.#


You could see a wyvern zombie.

Vanquished Creatures
  An adder (D:2)
  A worm (D:2)
  A leopard gecko (D:2)
  An orc (D:3)
  A giant cockroach (D:1)
  6 goblins
  6 hobgoblins
  4 kobolds (D:1)
  2 quokkas
  5 bats
  6 frilled lizards
  7 rats
41 creatures vanquished.

Notes
Turn   | Place    | Note
-------+----------+-------------------------------------------
     0 | D:1      | hexaflexagon the Formicid Monk began the quest for the Orb.
     0 | D:1      | Reached XP level 1. HP: 18/18 MP: 1/1
   313 | D:1      | Reached XP level 2. HP: 24/25 MP: 2/2
   327 | D:1      | Reached skill level 4 in Fighting
   505 | D:1      | Reached XP level 3. HP: 26/31 MP: 3/3
  1497 | D:2      | Reached skill level 5 in Fighting
  1568 | D:2      | Reached XP level 4. HP: 22/39 MP: 4/4
  1707 | D:2      | Noticed Natasha
  1726 | D:2      | You fall through a shaft!
  1989 | D:3      | You fall through a shaft for 3 floors!
  1989 | D:6      | Noticed a sky beast
  1996 | D:6      | You fall through a shaft for 2 floors!
  2012 | D:8      | Gained mutation: You are somewhat resistant to further mutation. [potion of mutation]
  2017 | D:8      | HP: 1/39 [wyvern zombie (10)]
  2018 | D:8      | Slain by a wyvern zombie

Vault maps used:
D:1:      ncdulo_halloftheorcs
D:2:      lemuel_coloured_pillars_altar, nicolae_overflow_hidden_temple,
          gammafunk_temple_overflow_pools, minmay_pentomino_z4, uniq_jessica,
          uniq_natasha
D:3:      eat_drink_and_be_merry_uskayaw, makhleb_altar_promises_db,
          first_bread, minmay_randomly_rotated_circles
D:6:      lemuel_ice_spiral_2, lemuel_crystal_altar, minmay_temple_entry_fiery,
          kennysheep_okawaru_gauntlet
D:8:      hangedman_little_slice_of_home, st_stairs_4, nicolae_wwwww

Skill      XL: |  1  2  3 |
---------------+----------+-----
Fighting       | 4 5 |  5.2
Maces & Flails | |  3.0
Dodging        | |  2.6
Stealth        | |  2.4

Action                   |  1- 3 |  4- 6 || total
-------------------------+-------+-------++-------
Melee: Mace              |   122 |    31 ||   153
 Abil: Shaft Self        |       |     3 ||     3
  Use: Potion            |       |     7 ||     7
 Stab: Sleeping          |       |     1 ||     1
  Eat: Chunk             |     2 |     2 ||     4
Armor: Leather armour    |    27 |     7 ||    34
Dodge: Dodged            |    74 |    39 ||   113

Table legend:
 A = Spawn XP
 B = Non-spawn XP
 C = Spawn XP percentage of total XP
 D = Spawn monster count
 E = Non-spawn monster count
 F = Spawn count percentage of total count
 G = Total turns spent on level
                    A         B        C        D         E        F      G
               +---------+---------+-------+---------+---------+-------+---------
         Total |       0 |      78 |   0.0 |       0 |      41 |   0.0 |  2018
               +---------+---------+-------+---------+---------+-------+---------
           D:1 |       0 |      38 |   0.0 |       0 |      25 |   0.0 |  1051
           D:2 |       0 |      32 |   0.0 |       0 |      11 |   0.0 |   675
           D:3 |       0 |       8 |   0.0 |       0 |       5 |   0.0 |   263
               +---------+---------+-------+---------+---------+-------+---------
